 Dungeon Crawl Stone Soup version 0.21.1-1-g345015fe64 (webtiles) character file.

86 ImError the Cudgeler (level 4, 0/45 HPs)
             Began as a Troll Monk on Apr 27, 2018.
             Was a Believer of Wu Jian.
             Killed from afar by a white imp (7 damage)
             ... with a puff of frost
             ... summoned by Natasha
             ... on level 3 of the Dungeon on Apr 28, 2018.
             The game lasted 00:12:36 (1513 turns).

ImError the Cudgeler (Troll Monk)                   Turns: 1513, Time: 00:12:37

Health: 0/45       AC:  5    Str: 19    XL:     4   Next: 27%
Magic:  3/3        EV:  7    Int:  6    God:    Wu Jian [**....]
Gold:   122        SH:  0    Dex: 13    Spells: 3/3 levels left

rFire    . . .     SeeInvis .   i - +2 mace (holy)
rCold    . . .     Gourm    +   (no shield)
rNeg     . . .     Faith    .   b - +0 robe
rPois    .         Spirit   .   (helmet restricted)
rElec    .         Reflect  .   (no cloak)
rCorr    .         Harm     .   (gloves unavailable)
MR       .....                  (boots unavailable)
Stlth    ++........             (no amulet)
HPRegen  0.55/turn              e - -4 ring of evasion (curse)
MPRegen  0.08/turn              (no ring)

@: no status effects
A: large, unfitting armour, claws 3, fast metabolism 3, gourmand, regeneration
1, shaggy fur 1, tough skin 2
a: Wall Jump, Renounce Religion


You were on level 3 of the Dungeon.
You worshipped Wu Jian.
Wu Jian was pleased with you.
You were completely stuffed.

You visited 1 branch of the dungeon, and saw 3 of its levels.

You collected 122 gold pieces.

Inventory:

Hand Weapons
 a - a +0 mace
 i - a +2 mace of holy wrath (weapon)
Missiles
 d - 5 javelins (quivered)
 g - 49 stones
Armour
 b - a +0 robe (worn)
Jewellery
 e - a cursed -4 ring of evasion (left claw)
Wands
 l - a wand of flame (24)
Scrolls
 h - 2 scrolls of amnesia {unknown}
 j - 2 scrolls of magic mapping {unknown}
 k - 3 scrolls of remove curse {unknown}
 n - a scroll of teleportation {unknown}
Potions
 f - a potion of haste
 m - 3 potions of curing {unknown}
Comestibles
 c - 5 rations


   Skills:
 + Level 3.1 Fighting
 + Level 3.4 Maces & Flails
 + Level 3.1 Dodging
 - Level 1.0 Stealth


You had 3 spell levels left.
You didn't know any spells.

Dungeon Overview and Level Annotations

Branches:
Dungeon (3/15)

Altars:
Ru
Vehumet
Wu Jian
The Shining One

Annotations:
D:3 Natasha


Innate Abilities, Weirdness & Mutations

You are too large for most types of armour.
You have claws for hands.
Your metabolism is lightning-fast.
You like to eat raw meat.
Your natural rate of healing is unusually fast.
You are covered in fur. (AC +1)
You have very tough skin. (AC +2)


Message History

The crimson imp blinks!
You attack Natasha from above.
You closely miss Natasha.
Natasha is lightly wounded.
Natasha claws you but does no damage.
The crimson imp hits you but does no damage.
Natasha claws you. The white imp gestures at you. The puff of frost hits you!
You miss Natasha.
Natasha is lightly wounded.
The crimson imp hits you. Natasha claws you.
* * * LOW HITPOINT WARNING * * *
The crimson imp blinks!
You spin and attack Natasha.
You miss Natasha.
Natasha is lightly wounded.
Natasha claws you.
* * * LOW HITPOINT WARNING * * *
The white imp gestures at you. The puff of frost hits you!
You die...

#.#.# #..##.#.# .# #.#.#
#..##.#.# .#
#.#.####..##.#.##.##
#........>##......(####
#######.#....................#
.......<#.# #........##..###.#
#######.#.####..##.#.##.....
....$..#...)....))...........
#######.#.##h@..........####.#
###.##.#..##.##.#.# #
#.##5#..........#
#.##5#..##.##.#.#
#.##$#..##.##.#...
#.##(#5?......# ##
#.....(....#### ####.#.#.###
#.#.<#..


You could see Natasha (pinned), 2 crimson imps and a white imp.

Vanquished Creatures
  3 adders (D:2)
  2 oozes (D:1)
  A dart slug (D:1)
  A leopard gecko (D:2)
  An orc (D:3)
  8 bats
  2 giant cockroaches
  5 goblins
  3 hobgoblins
  6 jackals
  3 frilled lizards
  8 kobolds
  4 rats
47 creatures vanquished.

Notes
Turn   | Place    | Note
-------+----------+-------------------------------------------
     0 | D:1      | ImError the Troll Monk began the quest for the Orb.
     0 | D:1      | Reached XP level 1. HP: 22/22 MP: 0/0
   134 | D:1      | Reached XP level 2. HP: 24/29 MP: 1/1
   684 | D:2      | Reached XP level 3. HP: 32/36 MP: 2/2
  1008 | D:2      | Found a glowing golden altar of the Shining One.
  1015 | D:2      | Found a sacrificial altar of Ru.
  1019 | D:2      | Found an ornate altar of the Wu Jian Council.
  1022 | D:2      | Found a radiant altar of Vehumet.
  1027 | D:2      | Became a worshipper of the Wu Jian Council
  1027 | D:2      | Reached * piety under Wu Jian
  1027 | D:2      | Reached ** piety under Wu Jian
  1383 | D:2      | Reached XP level 4. HP: 30/45 MP: 3/3
  1485 | D:3      | Noticed Natasha
  1513 | D:3      | Killed from afar by a white imp

Skill      XL: |  1  2  3 |
---------------+----------+-----
Maces & Flails | 3 |  3.4
Fighting       | 3 |  3.1
Dodging        | 3 |  3.1
Stealth        | |  1.0

Action                   |  1- 3 |  4- 6 || total
-------------------------+-------+-------++-------
Melee: Mace              |   151 |    37 ||   188
Invok: Whirlwind         |     6 |    10 ||    16
       Wall Jump         |     3 |     2 ||     5
       Lunge             |     1 |     3 ||     4
  Use: Scroll            |     1 |       ||     1
 Stab: Sleeping          |       |     1 ||     1
  Eat: Chunk             |    14 |     6 ||    20
Armor: Robe              |   122 |    34 ||   156
Dodge: Dodged            |    61 |    18 ||    79
